 Dungeon Crawl Stone Soup version 0.30-a0-377-g5cb311bc9f (webtiles) character file.

Game seed: 14182879712030771045

2096 Raultor the Chiller (level 9, 0/59 HPs)
             Began as an Octopode Transmuter on Nov 29, 2022.
             Was a Follower of Ashenzari.
             Slain by a sky beast (6 damage)
             ... on level 7 of the Dungeon.
             The game lasted 00:16:07 (4694 turns).

Raultor the Chiller (Octopode Transmuter)           Turns: 4694, Time: 00:16:08

Health: 0/59       AC:  1    Str: 12    XL:     9   Next: 27%
Magic:  13/13      EV: 13    Int: 15    God:    Ashenzari [*.....]
Gold:   373        SH:  5    Dex: 17    Spells: 6/13 levels left

rFire   + . .      SeeInvis .    q - +9 hand axe of the Sky {freeze, *Rage rF+ Str+3 Stlth+}
rCold   . . .      Faith    .    (no shield)
rNeg    . . .      Spirit   .    (helmet restricted)
rPois   .          Reflect  +    c - amulet "Monotheism of Ashenzari" {Reflect SH+5, Evo, Self} (curse)
rElec   .          Harm     .    L - ring "Share My Autotheism" {Fly, Comp, Fort} (curse)
rCorr   .          Rampage  .    (no ring)
Will    .....      Rage     20%  (no ring)
Stlth   ++++......               (no ring)
HPRegen 0.29/turn                (no ring)
MPRegen 0.13/turn                (no ring)
                                 (no ring)
                                 (no ring)

@: flying
A: almost no armour, amphibious, 8 rings, camouflage 1, gelatinous body 1,
(nimble swimmer 1), tentacles
a: Renounce Religion, Curse Item, Shatter the Chains


You were on level 7 of the Dungeon.
You worshipped Ashenzari.
Ashenzari was aware of your devotion.
You visited 1 branch of the dungeon, and saw 7 of its levels.

You collected 468 gold pieces.
You spent 95 gold pieces at shops.


Innate Abilities, Weirdness & Mutations

You cannot wear most types of armour.
You are amphibious.
You can wear up to eight rings at the same time.
Your skin changes colour to match your surroundings (Stealth+).
Your rubbery body absorbs attacks. (AC +1, EV +1)
((You are camouflaged when in or above water. (Stealth+)))
You have tentacles for arms and can constrict up to eight enemies at once.


   Skills:
 + Level 3.9(4.7) Fighting
 - Level 2.1 Dodging
 + Level 4.9 Unarmed Combat
 - Level 2.1(2.8) Spellcasting
 * Level 7.4 Transmutations
 * Level 7.5 Ice Magic


You had 6 spell levels left.
You knew the following spells:

 Your Spells              Type           Power      Damage    Failure   Level
b - Beastly Appendage     Tmut           48%        N/A       1%          1
c - Ice Form              Ice/Tmut       24%        N/A       10%         4
w - Wereblood             Tmut           24%        N/A       1%          2

Your spell library contained the following spells:

 Spells                   Type           Power      Damage    Failure   Level
 Spider Form              Tmut/Pois      13%        N/A       13%         3
 Kiss of Death            Conj/Necr      8%         2d6       21%         1
 Magic Dart               Conj           8%         1d3       21%         1
 Call Imp                 Summ           2%         N/A       30%         2
 Confusing Touch          Hex            2%         N/A       52%         3
 Mephitic Cloud           Conj/Pois/Air  2%         N/A       52%         3
 Dispel Undead            Necr           2%         3d7       89%         4

Inventory:

Hand Weapons
 q - the +9 hand axe of the Sky (weapon) {freeze, *Rage rF+ Str+3 Stlth+}
   (You found it on level 2 of the Dungeon)

   It freezes those it strikes, dealing additional cold damage.
   It can also slow down cold-blooded creatures.
   Str:       It affects your strength (+3).
   rF:        It protects you from fire.
   *Rage:     It berserks you when you make melee attacks (+20% chance).
   Stlth:     It makes you more stealthy.
Armour
 v - a +0 kite shield
Magical Staves
 k - a staff of conjuration {!a}
Jewellery
 c - the cursed amulet "Monotheism of Ashenzari" (around mantle) {Reflect SH+5, Evo, Self}
   (You found it on level 1 of the Dungeon)

   [amulet of reflection]

   It reflects blocked missile attacks.
   SH:        It affects your SH (+5).
   It has a curse which improves the following skills: Evocations: Evocations.
   Introspection: Fighting and Spellcasting.
 L - the cursed ring "Share My Autotheism" (left tentacle) {Fly, Comp, Fort}
   (You bought it in a shop on level 4 of the Dungeon)

   [ring of flight]

   Fly:       It grants you flight.
   It has a curse which improves the following skills: Companions: Summonings
   and Necromancy.
   Fortitude: Shields.
Scrolls
 b - 2 scrolls of magic mapping
 d - 3 scrolls of blinking
 m - 6 scrolls of identify {@r1}
 n - 5 scrolls of immolation
 o - a scroll of brand weapon
 p - 2 scrolls of enchant weapon
 r - 2 scrolls of teleportation {@r2}
 s - 2 scrolls of vulnerability
 t - a scroll of amnesia
 u - a scroll of butterflies
Potions
 a - a potion of lignification
 e - a potion of flight
 f - a potion of brilliance
 g - 7 potions of curing {@q1}
 h - a potion of invisibility
 i - a potion of berserk rage {!q}
 j - a potion of mutation
 l - 2 potions of cancellation
 w - a potion of might

Dungeon Overview and Level Annotations

Branches:
Dungeon (7/15)             Temple (0/1) D:7

Altars:
Ashenzari
Hepliaklqana
Nemelex Xobeh
Okawaru

Shops:
D:2 ( D:4

* #.# #.## #..## #...# #####.#+#
......# ▒▒▒▒▒▒▒▒▒▒▒▒▒ ##..#.##
▒.......▒.... #..)..###.##.▒▒▒▒▒
▒.▒▒▒▒▒.▒.▒▒▒ #.>...<......▒.@.▒
▒.▒...▒.▒.▒..
#.....###.##)▒.▒{..▒.▒.▒...▒.▒.▒
#..#.## ▒.▒▒▒▒▒.▒.▒▒▒▒▒.▒.▒
##..... ▒.......▒.......▒..
###.### ▒▒▒▒▒▒▒▒▒▒▒▒▒▒▒▒▒▒▒ #+#


There were no monsters in sight!


Message History

The sky beast is heavily wounded.
The sky beast closely misses you.
You barely miss the sky beast.
The sky beast is heavily wounded.
The sky beast barely misses you. The sky beast hits you.
The sky beast shocks you.
* * * LOW HITPOINT WARNING * * *
You hit the sky beast. You freeze the sky beast. You squeeze the sky beast.
The sky beast is severely wounded.
The sky beast closely misses you.
You miss the sky beast.
You squeeze the sky beast, but do no damage.
The sky beast is severely wounded.
The sky beast closely misses you.
You closely miss the sky beast.
The sky beast is severely wounded.
The sky beast hits you.
* * * LOW HITPOINT WARNING * * *
The sky beast shocks you.
* * * LOW HITPOINT WARNING * * *
The sky beast flickers out of sight!
Deactivating autopickup; reactivate with Ctrl-A.
Something hits you.
* * * LOW HITPOINT WARNING * * *
Something shocks you.
* * * LOW HITPOINT WARNING * * *
You barely miss something. Something hits you.
* * * LOW HITPOINT WARNING * * *
Something shocks you.
You die...

Skill      XL: |  1  2  3  4  5  6  7  8 |
---------------+-------------------------+-----
Transmutations | 3 4 5 7 |  7.4
Ice Magic      | 1 3 4 5 7 |  7.5
Fighting       | 2 3 |  3.9
Unarmed Combat | 4 |  4.9
Dodging        | |  2.1
Spellcasting   | |  2.1

Action                   |  1- 3 |  4- 6 |  7- 9 || total
-------------------------+-------+-------+-------++-------
Melee: Unarmed           |    62 |       |     7 ||    69
       Constrict         |    19 |    15 |    17 ||    51
       Tentacles         |     9 |    13 |    18 ||    40
       Kick              |     7 |     7 |     9 ||    23
       Hand axe          |    17 |    75 |    78 ||   170
       Punch             |     1 |     1 |     1 ||     3
 Cast: Beastly Appendage |     7 |     7 |     6 ||    20
       Wereblood         |     2 |     4 |     5 ||    11
       Ice Form          |       |       |     1 ||     1
Invok: Curse Item        |       |     2 |       ||     2
  Use: Potion            |       |       |     1 ||     1
 Stab: Sleeping          |    15 |     7 |     6 ||    28
Armor: Skin              |     3 |     4 |     4 ||    11
Dodge: Dodged            |    41 |    40 |    44 ||   125
Block: Other             |    19 |    12 |    12 ||    43
       Kite shield       |       |       |     3 ||     3
       Reflection        |       |       |     2 ||     2

Levels and vault maps discovered:
D:1:      heliophobic_arrival_dark_side_of_the_moon, layout_basic,
          wander_ebering_terrifying_dragon_lair
D:2:      layout_rooms, dreamdust_ecumenical_altar_statues, serial_shops,
          nicolae_shop_overgrown_old_shop, basic_altar
D:3:      layout_loops_ring, general_overflow_altar,
          chequers_serial_rivers_micro_a, serial_bayou_lagoon_a,
          guppyfry_early_orc_mine
D:4:      layout_basic, worldfamousw_hep_ancestral_shrine, serial_shops, shop
D:5:      layout_basic, uniq_menkaure, uniq_sigmund
D:6:      layout_loops_cross, mainiacjoe_overflow_24_doors, uniq_pikel
D:7:      layout_loops_corners, kennysheep_mini, minmay_temple_entry_offerings,
          serial_shops, nicolae_square_shop, serial_rivers,
          chequers_serial_rivers_small_b, chequers_serial_rivers_room_a,
          chequers_serial_rivers_small_3, chequers_serial_rivers_micro_d,
          enter_bailey_5, patterned_corridor, uniq_maggie

Notes
Turn   | Place    | Note
-------+----------+-------------------------------------------
     0 | D:1      | Raultor the Octopode Transmuter began the quest for the
                  | Orb.
     0 | D:1      | Reached XP level 1. HP: 13/13 MP: 3/3
   192 | D:1      | Reached XP level 2. HP: 18/18 MP: 5/5
   233 | D:1      | Learned a level 2 spell: Wereblood
   463 | D:1      | Reached XP level 3. HP: 23/23 MP: 6/6
   967 | D:2      | Identified the +9 hand axe of the Sky {freeze, *Rage rF+
                  | Str+3 Stlth+}
  1018 | D:2      | Found a broken altar of Ashenzari.
  1031 | D:2      | Became a worshipper of Ashenzari the Shackled
  1048 | D:2      | Reached skill level 3 in Transmutations
  1115 | D:2      | Found Fosoun's Antique Weapon Boutique.
  1272 | D:2      | Found a faded altar of an unknown god.
  1388 | D:3      | Reached XP level 4. HP: 29/29 MP: 7/7
  1421 | D:3      | Learned a level 4 spell: Ice Form
  1681 | D:3      | Reached skill level 1 in Ice Magic
  1938 | D:3      | Found a sparkling altar of Nemelex Xobeh.
  1995 | D:3      | Reached XP level 5. HP: 34/34 MP: 8/8
  2020 | D:3      | Reached skill level 2 in Ice Magic
  2278 | D:4      | Reached skill level 4 in Transmutations
  2371 | D:4      | Found Ystryq's Assorted Antiques.
  2380 | D:4      | Bought a golden ring for 95 gold pieces
  2381 | D:4      | Reached * piety under Ashenzari
  2423 | D:4      | Reached skill level 3 in Ice Magic
  2423 | D:4      | Reached XP level 6. HP: 38/40 MP: 10/10
  2506 | D:4      | Found a hazy altar of Hepliaklqana.
  2641 | D:5      | Entered Level 5 of the Dungeon
  2743 | D:5      | Reached skill level 4 in Ice Magic
  2784 | D:5      | Reached XP level 7. HP: 32/45 MP: 9/11
  2795 | D:5      | Reached skill level 5 in Transmutations
  2798 | D:5      | Reached skill level 5 in Ice Magic
  3091 | D:5      | Reached skill level 2 in Fighting
  3110 | D:5      | Noticed Sigmund
  3122 | D:5      | Killed Sigmund
  3123 | D:5      | Reached XP level 8. HP: 52/52 MP: 10/12
  3233 | D:5      | Reached skill level 6 in Ice Magic
  3234 | D:5      | Reached skill level 6 in Transmutations
  3546 | D:5      | Noticed Menkaure
  3557 | D:5      | Killed Menkaure
  3558 | D:5      | Reached skill level 4 in Unarmed Combat
  3826 | D:6      | Reached skill level 3 in Fighting
  3974 | D:6      | Found an iron altar of Okawaru.
  4228 | D:6      | Noticed Pikel
  4242 | D:6      | Killed Pikel
  4243 | D:6      | Reached skill level 7 in Transmutations
  4243 | D:6      | Reached skill level 7 in Ice Magic
  4243 | D:6      | Reached XP level 9. HP: 44/59 MP: 11/13
  4457 | D:7      | Found a staircase to the Ecumenical Temple.
  4544 | D:7      | Noticed a kobold demonologist
  4548 | D:7      | Noticed a kobold demonologist
  4550 | D:7      | Noticed a kobold demonologist
  4617 | D:7      | Noticed a kobold demonologist
  4694 | D:7      | Slain by a sky beast

Vanquished Creatures
  Pikel (D:6)
  Sigmund (D:5)
  Menkaure (D:5)
  A water moccasin (D:7)
  A sky beast (D:7)
  An ice beast (D:6)
  A black bear (D:4)
  A lemure (D:6)
  A phantom (D:5)
  A bullfrog (D:6)
  2 necrophages
  2 scorpions (D:5)
  A howler monkey (D:5)
  3 jellies
  2 orc priests (D:5)
  3 hounds
  A gnoll bouda (D:6)
  2 iguanas
  3 orc wizards (D:5)
  3 adders
  5 gnolls (D:6)
  A shadow imp (D:5)
  An ufetubus (D:4)
  2 worms
  2 dart slugs
  14 orcs
  6 endoplasms
  3 giant cockroaches
  13 goblins
  7 hobgoblins
  11 jackals
  2 quokkas
  3 ball pythons
  5 bats
  5 frilled lizards
  7 kobolds
  6 rats
125 creatures vanquished.

Vanquished Creatures (others)
  20 plants
20 creatures vanquished.

Grand Total: 145 creatures vanquished

Table legend: (Time is in decaauts)
 A = Elapsed time spent in this place.
 B = Non-inter-level travel time spent in this place.
 C = Inter-level travel time spent in this place.
 D = Time resting spent in this place.
 E = Time spent auto-exploring this place.
 F = Levels seen in this place.
 G = Mean time per level.
                   A        B        C        D        E       F      G
               +--------+--------+--------+--------+--------+-----+--------+
         Total |   4954 |   4810 |    144 |    366 |   3202 |   7 |  707.7 |
       Dungeon |   4954 |   4810 |    144 |    366 |   3202 |   7 |  707.7 |
               +--------+--------+--------+--------+--------+-----+--------+

Top non-repeatable levels by time:
     D:5: 930 daAuts
     D:3: 895 daAuts
     D:1: 881 daAuts
     D:6: 816 daAuts
     D:4: 696 daAuts
     D:2: 493 daAuts
     D:7: 240 daAuts

Table legend:
 A = Non-vault XP
 B = Vault XP
 C = Vault XP percentage of total XP
 D = Non-vault monster count
 E = Vault monster count
 F = Vault count percentage of total count
                 A         B        C        D         E       F
            +---------+---------+-------+---------+---------+-------
      Total |    1954 |    1041 |  34.8 |     112 |      12 |   9.7
            +---------+---------+-------+---------+---------+-------
        D:1 |      46 |       1 |   2.1 |      26 |       1 |   3.7
        D:2 |      34 |       0 |   0.0 |      17 |       0 |   0.0
        D:3 |      95 |      17 |  15.2 |      22 |       7 |  24.1
        D:4 |     313 |       0 |   0.0 |       9 |       0 |   0.0
        D:5 |     817 |     392 |  32.4 |      25 |       2 |   7.4
        D:6 |     368 |     629 |  63.1 |      10 |       1 |   9.1
        D:7 |     281 |       2 |   0.7 |       3 |       1 |  25.0
            +---------+---------+-------+---------+---------+-------
